 Dungeon Crawl Stone Soup version 0.14.0-15-g6b16f67 (webtiles) character file.

72 Qrupt the Sneak (level 4, -1/27 HPs)
             Began as a Halfling Enchanter on Apr 18, 2014.
             Slain by a kobold
             ... wielding a +0,+0 club
              (3 damage)
             ... on Level 1 of the Dungeon.
             The game lasted 00:05:25 (1290 turns).

Qrupt the Sneak (Halfling Enchanter)                Turns: 1290, Time: 00:05:25

HP  -1/27        AC  3     Str  5      XL: 4   Next: 11%
MP   0/7         EV 14     Int 15      God:
Gold 19          SH  0     Dex 17      Spells:  2 memorised,  4 levels left

rFire  . . .     SeeInvis .     a - +1 dagger
rCold  . . .     Clarity  .     b - +1 robe
rNeg   . . .     Conserve .     (no shield)
rPois  .         rCorr    .     (no helmet)
rElec  .         rRot     .     (no cloak)
SustAb . .       Spirit   .     (no gloves)
rMut   .         Warding  .     (no boots)
Saprov . . .     Stasis   .     (no amulet)
MR     .....                    (no ring)
                                (no ring)

@: drained, not resistant to hostile enchantments, fairly stealthy
A: mutation resistance 1, slow metabolism 1
a: no special abilities


You were on level 1 of the Dungeon.
You were very hungry.

You visited 1 branch of the dungeon, and saw 2 of its levels.

You collected 19 gold pieces.

Inventory:

Hand weapons
 a - a +1,+1 dagger (weapon)
Missiles
 d - 12 darts (quivered)
Armour
 b - a +1 robe (worn)
Comestibles
 f - a bread ration
Scrolls
 e - a scroll of random uselessness {unknown}
 g - a scroll of identify {unknown}
 h - a scroll of noise {unknown}
 j - a scroll of amnesia {unknown}
 l - a scroll of remove curse {unknown}
 n - a scroll of recharging {unknown}
 o - a scroll of enchant weapon I {unknown}
 p - a scroll of enchant weapon II {unknown}
Jewellery
 i - an uncursed ring of sustain abilities {unknown}
 m - a +6 ring of evasion {unknown}
Potions
 k - 2 potions of curing {unknown}
Books
 c - a book of Maledictions

   Spells                             Type                      Level
   *Corona                            Hexes                        1
   Sure Blade                         Hexes/Charms                 2
   *Ensorcelled Hibernation           Hexes/Ice                    2
   Confuse                            Hexes                        3
   Enslavement                        Hexes                        4
   Invisibility                       Hexes                        6


   Skills:
 + Level 2.9(1.8) Short Blades
 - Level 1.3(0.2) Throwing
 - Level 2.4(1.3) Dodging
 + Level 3.1(2.0) Stealth
 + Level 2.1(1.0) Spellcasting
 + Level 3.1(2.0) Hexes


You had 4 spell levels left.
You knew the following spells:

 Your Spells              Type           Power        Failure   Level  Hunger
a - Corona                Hex            #......      12%         1    ##.....
b - Ensorcelled Hibernat  Hex/Ice        #.....       28%         2    ###....


Dungeon Overview and Level Annotations

Branches:
Dungeon (2/15)

Altars:


Innate Abilities, Weirdness & Mutations

You are small and have problems with some larger weapons.
You are somewhat resistant to further mutation.
You have a slow metabolism.


Message History

The kobold hits you but does no damage.
You barely miss the kobold.
The kobold is heavily wounded.
The kobold barely misses you.
You hit the kobold but do no damage.
The kobold is heavily wounded.
You hit the kobold but do no damage.
The kobold is heavily wounded.
The kobold hits you but does no damage.
You closely miss the kobold.
The kobold is heavily wounded.
The kobold hits you with a club.
* * * LOW HITPOINT WARNING * * *
Casting: Ensorcelled Hibernation
Confirm with . or Enter, or press ? or * to list all spells.
Aiming: Ensorcelled Hibernation
Press: ? - help, Shift-Dir - straight line, f/p - kobold
Aim: a kobold, wielding a club and wearing a leather armour (heavily wounded)
The kobold is unaffected.
The kobold hits you with a club.
You die...

### ##.##
###########.#.#####
#..........###....#
#######.#########.#.###.#
#.......# #.........###
##.####..#######.###.##..[..
#..........@K....# #...)....
#..#####.#######.###.##..###
#..# #.# #.........# # #..#
#.# #.#..###..### #..# #.##
#.#.......... #..# #..#
#.#..###..... #..######.#
#.#..# #.#### #......##.#
#.#.>###.# # #.####.##>#
#........####


You could see a kobold.

Vanquished Creatures
  Ijyb (D:2)
  2 adders
  4 giant geckos
  A bat (D:2)
  2 giant cockroaches (D:1)
  2 goblins
  4 hobgoblins (D:1)
  2 kobolds (D:1)
  A giant newt (D:2)
  A rat (D:1)
20 creatures vanquished.

Notes
Turn   | Place    | Note
--------------------------------------------------------------
     0 | D:1      | Qrupt, the Halfling Enchanter, began the quest for the Orb.
     0 | D:1      | Reached XP level 1. HP: 11/11 MP: 2/2
   152 | D:1      | Reached XP level 2. HP: 7/17 MP: 1/3
   815 | D:1      | Learned a level 2 spell: Ensorcelled Hibernation
   948 | D:2      | Reached skill level 3 in Hexes
   948 | D:2      | Reached XP level 3. HP: 21/21 MP: 1/5
  1056 | D:2      | Noticed Ijyb
  1090 | D:2      | Killed Ijyb
  1227 | D:1      | Reached XP level 4. HP: 15/27 MP: 1/7
  1280 | D:1      | HP: 1/27 [kobold/club (5)]
  1290 | D:1      | Slain by a kobold

Action                   |  1- 3 |  4- 6 || total
-------------------------+-------+-------++-------
Melee: Dagger            |   120 |    20 ||   140
 Cast: Corona            |     8 |     1 ||     9
       Ensorcelled Hiber |     6 |     2 ||     8
 Stab: Sleeping          |     7 |       ||     7
